 Dungeon Crawl Stone Soup version 0.16-a0-1970-g0967df0 (webtiles) character file.

158 timbw the Caller (level 5, -1/31 HPs)
             Began as a High Elf Summoner on Nov 8, 2014.
             Shot with an arrow by a centaur (2 damage)
             ... on level 4 of the Dungeon.
             The game lasted 00:04:34 (677 turns).

timbw the Caller (High Elf Summoner)                 Turns: 677, Time: 00:04:34

Health: -1/31      AC:  6    Str:  7    XL:     5   Next: 16%
Magic:  5/16       EV: 10    Int: 19    God:
Gold:   86         SH:  0    Dex: 16    Spells: 4 memorised, 3 levels left

rFire  . . .     SeeInvis .     g - +3 short sword (speed)
rCold  + . .     Clarity  .     s - +2 leather armour {rC+}
rNeg   . . .     SustAb   .     (no shield)
rPois  .         Gourm    .     (no helmet)
rElec  .         Spirit   .     (no cloak)
rCorr  .         Warding  .     (no gloves)
rMut   .         Stasis   .     e - +0 pair of boots
MR     .....                    (no amulet)
Stlth  ++........               (no ring)
                                (no ring)

@: very slightly contaminated, not resistant to hostile enchantments, unstealthy
A: no striking features
a: no special abilities


You were on level 4 of the Dungeon.
You were not hungry.

You visited 1 branch of the dungeon, and saw 4 of its levels.

You collected 86 gold pieces.

Inventory:

Hand weapons
 d - a +1 flail of crushing
 g - a +3 short sword of speed (weapon)
 n - a -1 blowgun
Missiles
 o - 8 poisoned needles
Armour
 a - a +0 robe
 e - a +0 pair of boots (worn)
 s - a +2 leather armour of cold resistance (worn)
Scrolls
 h - a scroll of blinking
 l - a scroll of enchant armour {unknown}
Potions
 i - a potion of heal wounds {unknown}
 j - a potion of curing
 m - 2 potions of might
 r - a potion of resistance {unknown}
Books
 b - a book of Callings

   Spells                             Type                      Level
   *Summon Small Mammal               Summoning                    1
   *Call Imp                          Summoning                    2
   *Call Canine Familiar              Summoning                    3
   Summon Guardian Golem              Hexes/Summoning              4
   *Summon Lightning Spire            Summoning/Air                4
   Summon Ice Beast                   Ice/Summoning                4
Comestibles
 c - 2 bread rations
 f - a chunk of flesh
 k - a beef jerky


   Skills:
 - Level 2.1 Dodging
 - Level 2.1 Stealth
 + Level 4.5 Spellcasting
 + Level 4.9 Summonings


You had 3 spell levels left.
You knew the following spells:

 Your Spells              Type           Power        Failure   Level  Hunger
a - Summon Small Mammal   Summ           ###.         1%          1    None
b - Call Imp              Summ           ###.....     2%          2    #......
c - Call Canine Familiar  Summ           ###.....     6%          3    ###....
d - Summon Lightning Spi  Summ/Air       ##......     50%         4    ####...


Dungeon Overview and Level Annotations

Branches:
Dungeon (4/15)
 Temple: D:4-7

Altars:
Makhleb
Okawaru


Message History

You hear a whooshing sound.
Casting: Summon Lightning Spire
Confirm with . or Enter, or press ? or * to list all spells.
Aiming: Summon Lightning Spire
Press: ? - help, Dir - move target cursor An electric hum fills the air.
Something hits your lightning spire but does no damage.
Your hound barely misses the centaur.
The centaur wields a shortbow of freezing.
It is covered in frost.
The centaur shoots an arrow.
The arrow hits your hound. The arrow freezes your hound.
Your hound bites the centaur.
Your lightning spire shoots out a bolt of lightning at the centaur!
The bolt of electricity hits the centaur.
Your hound barely misses the centaur.
The centaur shoots an arrow.
The arrow hits your hound. The arrow freezes your hound.
Your hound bites the centaur.
The centaur shoots an arrow.
The arrow barely misses your hound. The arrow hits you!
* * * LOW HITPOINT WARNING * * *
The arrow freezes you.
You die...

##########
#........#
#.######.# #.#
#######.# #.##
##.# #8c..?..c#
...##..# ###h###
#.#...###..@5.#
#.##).....##.#.#.#
#........###.#.#.#
####...........#.#
####.####.###.# #
#.# #.# #.# #
##'## #.###.# #
##...# #.....# #
##.#### #######


You could see a centaur, a friendly lightning spire, a friendly hound and a
friendly crimson imp.

Vanquished Creatures
  Edmund (D:4)
  An orc wizard (D:4)
  An adder (D:2)
  An orc (D:4)
  4 bats
  A kobold (D:2)
9 creatures vanquished.

Vanquished Creatures (collateral kills)
  2 hounds (D:4)
  An adder (D:4)
  2 orcs (D:4)
  A giant cockroach (D:2)
  A goblin (D:4)
  A hobgoblin (D:4)
  2 kobolds (D:4)
  A bat (D:2)
  A rat (D:4)
12 creatures vanquished.

Vanquished Creatures (others)
  A crimson imp (D:4)
  A hound (D:4)
  A shadow imp (D:4)
  3 white imps (D:4)
  A bat (D:2)
  3 rats (D:2)
10 creatures vanquished.

Grand Total: 31 creatures vanquished

Notes
Turn   | Place    | Note
--------------------------------------------------------------
     0 | D:1      | timbw, the High Elf Summoner, began the quest for the Orb.
     0 | D:1      | Reached XP level 1. HP: 11/11 MP: 4/4
   156 | D:2      | Reached XP level 2. HP: 17/17 MP: 1/6
   165 | D:2      | Learned a level 2 spell: Call Imp
   354 | D:4      | Reached skill level 4 in Summonings
   381 | D:4      | Reached XP level 3. HP: 21/21 MP: 5/10
   402 | D:4      | Learned a level 3 spell: Call Canine Familiar
   431 | D:4      | Found an iron altar of Okawaru.
   531 | D:4      | Noticed Edmund
   569 | D:4      | Killed Edmund
   569 | D:4      | Reached XP level 4. HP: 14/27 MP: 2/14
   569 | D:4      | Reached XP level 5. HP: 16/31 MP: 2/16
   589 | D:4      | Learned a level 4 spell: Summon Lightning Spire
   624 | D:4      | Found a burning altar of Makhleb.
   670 | D:4      | Noticed a centaur
   677 | D:4      | HP: 1/31 [centaur/arrow (8)]
   677 | D:4      | Shot with an arrow by a centaur

Action                   |  1- 3 |  4- 6 || total
-------------------------+-------+-------++-------
Melee: Unarmed           |    16 |       ||    16
       Short sword       |    10 |       ||    10
 Fire: Blowgun           |     5 |     1 ||     6
 Cast: Summon Small Mamm |    13 |       ||    13
       Call Imp          |    13 |     1 ||    14
       Call Canine Famil |     3 |     1 ||     4
       Summon Lightning  |       |     1 ||     1
  Use: Potion            |     1 |       ||     1
       Scroll            |       |     5 ||     5
 Stab: Distracted        |     3 |       ||     3
       Betrayed ally     |     1 |       ||     1
